PA
GALESBURG GUZZLERS @ PROVO MANGO
08/31/2032
 
TOP OF THE 1ST
Galesburg Guzzlers batting - Pitching for Provo Mango : RHP Albert Pérez
Pitching: RHP Albert Pérez
Batting: LHB Abiram Wahine 0-0: SINGLE (Groundball, 4MD)
Batting: RHB Daniel Carr 0-0: Foul Ball, location: 2F
0-1: Called Strike
0-2: Fly out, F7 (Line Drive, 7)
Batting: LHB Henk van Aardschot 0-0: Ball
1-0: Ball
2-0: Ball
3-0: Called Strike
3-1: Base on Balls
Abiram Wahine to second
Batting: RHB Karl Wade 0-0: Called Strike
0-1: SINGLE (Line Drive, 56D)
Abiram Wahine to third
Henk van Aardschot to second
Batting: LHB Jared Swanson 0-0: Swinging Strike
0-1: Ball
1-1: Fly out, F9 (Flyball, 9LS)
Runner from 3rd tags up, SCORES, throw made
Batting: RHB Fook Zhào 0-0: Called Strike
0-1: Fielders Choice at 2nd, U6 (Groundball, 6M)
Top of the 1st over - 1 run, 2 hits, 0 errors, 2 left on base; Galesburg 1 - Provo 0
BOTTOM OF THE 1ST
Provo Mango batting - Pitching for Galesburg Guzzlers : RHP Jami Haakana
Pitching: RHP Jami Haakana
Batting: LHB Matt Palmer 0-0: Ball
1-0: Called Strike
1-1: Called Strike
1-2: SINGLE (Groundball, 6D)
Batting: LHB Tom Haymon 0-0: Ball
1-0: Called Strike
1-1: Swinging Strike
1-2: Ball
2-2: Foul Ball, location: 2F
2-2: Fly out, F8 (Line Drive, 89M)
Batting: RHB Freedon Akinmoladun 0-0: Ball
1-0: Ball
2-0: Ball
3-0: Base on Balls
Matt Palmer to second
Batting: LHB Juan Ramírez 0-0: Foul Ball, location: 2F
0-1: 3-RUN HOME RUN (Flyball, 9LD), Distance : 362 ft
Batting: RHB Alfonso Cabedo 0-0: Called Strike
0-1: Fly out, F5 (Popup, 56S)
Batting: RHB Rocky Zolman 0-0: Ball
1-0: Swinging Strike
1-1: Fly out, F9 (Line Drive, 9D)
Bottom of the 1st over - 3 runs, 2 hits, 0 errors, 0 left on base; Galesburg 1 - Provo 3
TOP OF THE 2ND
Galesburg Guzzlers batting - Pitching for Provo Mango : RHP Albert Pérez
Batting: RHB Jack Stidston 0-0: Ball
1-0: Ball
2-0: Fly out, F5 (Line Drive, 5S)
Batting: RHB Pacu Martic 0-0: Called Strike
0-1: Ball
1-1: Called Strike
1-2: Strikes out looking
Batting: RHB Manny Diéguez 0-0: Ball
1-0: Called Strike
1-1: Swinging Strike
1-2: Strikes out swinging
Top of the 2nd over - 0 runs, 0 hits, 0 errors, 0 left on base; Galesburg 1 - Provo 3
BOTTOM OF THE 2ND
Provo Mango batting - Pitching for Galesburg Guzzlers : RHP Jami Haakana
Batting: RHB Daniel Woods 0-0: Bunt for hit - play at first, batter OUT! 1-3
Batting: RHB Martin van Veldhuizen 0-0: Ground out 5-3 (Groundball, 5S)
Batting: SHB Celio Guimaraens 0-0: SINGLE (Line Drive, 4)
Batting: LHB Matt Palmer 0-0: Ball
1-0: Called Strike
1-1: Ball
2-1: Ball
3-1: DOUBLE (Flyball, 89D)
Celio Guimaraens to third
Runner from 3rd tries for Home, SAFE, throw made at trailing runner, OUT at third!
Bottom of the 2nd over - 1 run, 2 hits, 0 errors, 0 left on base; Galesburg 1 - Provo 4
TOP OF THE 3RD
Galesburg Guzzlers batting - Pitching for Provo Mango : RHP Albert Pérez
Batting: LHB Abiram Wahine 0-0: Swinging Strike
0-1: Foul Ball, location: 2F
0-2: Foul Ball, location: 2F
0-2: Foul Ball, location: 2F
0-2: Ball
1-2: Ball
2-2: Ball
3-2: Strikes out swinging
Batting: RHB Daniel Carr 0-0: Ball
1-0: Foul Ball, location: 2F
1-1: Ground out 3-1 (Groundball, 34)
Batting: LHB Henk van Aardschot 0-0: Foul Ball, location: 2F
0-1: Ball
1-1: Reached on error, E3 (Groundball, 34S)
Batting: RHB Karl Wade 0-0: Swinging Strike
0-1: Ball
1-1: Ball
2-1: Ball
3-1: Swinging Strike
3-2: Strikes out swinging
Top of the 3rd over - 0 runs, 0 hits, 1 error, 1 left on base; Galesburg 1 - Provo 4
BOTTOM OF THE 3RD
Provo Mango batting - Pitching for Galesburg Guzzlers : RHP Jami Haakana
Batting: LHB Tom Haymon 0-0: Ball
1-0: Ball
2-0: Ball
3-0: Base on Balls
Batting: RHB Freedon Akinmoladun 0-0: Called Strike
0-1: Swinging Strike
0-2: Grounds into double play, 5-4-3 (Groundball, 5)
Batting: LHB Juan Ramírez 0-0: Ball
1-0: Called Strike
1-1: Foul Ball, location: 2F
1-2: Foul Ball, location: 2F
1-2: Ball
2-2: DOUBLE (Flyball, 8LXD)
Batting: RHB Alfonso Cabedo 0-0: 2-RUN HOME RUN (Flyball, 78XD), Distance : 449 ft
Batting: RHB Rocky Zolman 0-0: Ball
1-0: Called Strike
1-1: Fly out, F8 (Line Drive, 8LM)
Bottom of the 3rd over - 2 runs, 2 hits, 0 errors, 0 left on base; Galesburg 1 - Provo 6
TOP OF THE 4TH
Galesburg Guzzlers batting - Pitching for Provo Mango : RHP Albert Pérez
Batting: LHB Jared Swanson 0-0: Ball
1-0: Called Strike
1-1: Called Strike
1-2: Foul Ball, location: 2F
1-2: Foul Ball, location: 2F
1-2: Ball
2-2: Ball
3-2: Strikes out swinging
Batting: RHB Fook Zhào 0-0: Fly out, F8 (Flyball, 89M)
Batting: RHB Jack Stidston 0-0: Ball
1-0: Fly out, F7 (Flyball, 7S)
Top of the 4th over - 0 runs, 0 hits, 0 errors, 0 left on base; Galesburg 1 - Provo 6
BOTTOM OF THE 4TH
Provo Mango batting - Pitching for Galesburg Guzzlers : RHP Jami Haakana
Batting: RHB Daniel Woods 0-0: Foul Ball, location: 2F
0-1: Fly out, F7 (Flyball, 78S)
Batting: RHB Martin van Veldhuizen 0-0: Called Strike
0-1: Called Strike
0-2: Foul Ball, location: 2F
0-2: Ball
1-2: Foul Ball, location: 2F
1-2: Ball
2-2: Ground out 1-3 (Groundball, 15S)
Batting: SHB Celio Guimaraens 0-0: Ball
1-0: Fly out, F8 (Line Drive, 8RD)
Bottom of the 4th over - 0 runs, 0 hits, 0 errors, 0 left on base; Galesburg 1 - Provo 6
TOP OF THE 5TH
Galesburg Guzzlers batting - Pitching for Provo Mango : RHP Albert Pérez
Batting: RHB Pacu Martic 0-0: Called Strike
0-1: Ball
1-1: Ball
2-1: Swinging Strike
2-2: Strikes out swinging
Batting: RHB Manny Diéguez 0-0: Foul Ball, location: 2F
0-1: Ball
1-1: Swinging Strike
1-2: Ball
2-2: Strikes out swinging, 2-3 out at first.
Batting: LHB Abiram Wahine 0-0: Called Strike
0-1: Swinging Strike
0-2: Ball
1-2: Strikes out swinging
Top of the 5th over - 0 runs, 0 hits, 0 errors, 0 left on base; Galesburg 1 - Provo 6
BOTTOM OF THE 5TH
Provo Mango batting - Pitching for Galesburg Guzzlers : RHP Jami Haakana
Batting: LHB Matt Palmer 0-0: Foul Ball, location: 2F
0-1: Ball
1-1: Ball
2-1: Ground out 4-3 (Groundball, 34D)
Batting: LHB Tom Haymon 0-0: Foul Ball, location: 2F
0-1: Ball
1-1: Swinging Strike
1-2: SINGLE (Flyball, 8RS)
Batting: RHB Freedon Akinmoladun 0-0: Ball
1-0: Called Strike
1-1: DOUBLE (Line Drive, 78XD)
Tom Haymon to third
Runner from 3rd tries for Home, SAFE, no throw
Batting: LHB Juan Ramírez 0-0: Ball
1-0: Ball
2-0: Ball
3-0: Base on Balls
Batting: RHB Alfonso Cabedo 0-0: Swinging Strike
0-1: Swinging Strike
0-2: Fly out, F7 (Flyball, 7S)
Batting: RHB Rocky Zolman 0-0: Called Strike
0-1: Ball
1-1: Ground out 6-3 (Groundball, 6MS)
Bottom of the 5th over - 1 run, 2 hits, 0 errors, 2 left on base; Galesburg 1 - Provo 7
TOP OF THE 6TH
Galesburg Guzzlers batting - Pitching for Provo Mango : RHP Albert Pérez
Batting: RHB Daniel Carr 0-0: Called Strike
0-1: Ball
1-1: Ball
2-1: Ball
3-1: Base on Balls
Batting: LHB Henk van Aardschot 0-0: Ball
1-0: Fielders Choice at 2nd, 3-6 (Groundball, 34)
Batting: RHB Karl Wade 0-0: Called Strike
0-1: Ball
1-1: Called Strike
1-2: Foul Ball, location: 2F
1-2: Foul Ball, location: 2F
1-2: Ball
2-2: Ball
3-2: Foul Ball, location: 2F
3-2: Strikes out swinging
Henk van Aardschot is caught stealing 2nd base
Batter strikes out.
Top of the 6th over - 0 runs, 0 hits, 0 errors, 0 left on base; Galesburg 1 - Provo 7
BOTTOM OF THE 6TH
Provo Mango batting - Pitching for Galesburg Guzzlers : RHP Jami Haakana
Pitching: RHP Franklin Camarena
Batting: RHB Daniel Woods 0-0: Ball
1-0: Foul Ball, location: 2F
1-1: Ball
2-1: Fly out, F9 (Flyball, 9LM)
Batting: RHB Martin van Veldhuizen 0-0: Fly out, F9 (Flyball, 89M)
Batting: SHB Celio Guimaraens 0-0: Ball
1-0: SINGLE (Groundball, 56D)
Batting: LHB Matt Palmer 0-0: Foul Ball, location: 2F
0-1: Ball
1-1: Foul Ball, location: 2F
1-2: Foul Ball, location: 2F
1-2: Strikes out swinging, 2-3 out at first.
Bottom of the 6th over - 0 runs, 1 hit, 0 errors, 1 left on base; Galesburg 1 - Provo 7
TOP OF THE 7TH
Galesburg Guzzlers batting - Pitching for Provo Mango : RHP Albert Pérez
Batting: LHB Jared Swanson 0-0: Ball
1-0: Ground out U3 (Groundball, 3)
Batting: RHB Fook Zhào 0-0: Foul Ball, location: 2F
0-1: Fly out, F7 (Flyball, 7D)
Batting: RHB Jack Stidston 0-0: Called Strike
0-1: Ball
1-1: Fly out, F8 (Flyball, 78D)
Top of the 7th over - 0 runs, 0 hits, 0 errors, 0 left on base; Galesburg 1 - Provo 7
BOTTOM OF THE 7TH
Provo Mango batting - Pitching for Galesburg Guzzlers : RHP Franklin Camarena
Batting: LHB Tom Haymon 0-0: Foul Ball, location: 2F
0-1: Swinging Strike
0-2: Foul Ball, location: 2F
0-2: Ball
1-2: Foul Ball, location: 2F
1-2: Ball
2-2: Foul Ball, location: 2F
2-2: Ball
3-2: Fly out, F8 (Flyball, 8LM)
Batting: RHB Freedon Akinmoladun 0-0: Ball
1-0: Ball
2-0: Swinging Strike
2-1: Called Strike
2-2: Strikes out swinging
Batting: LHB Juan Ramírez 0-0: Ball
1-0: Ground out 4-3 (Groundball, 34D)
Bottom of the 7th over - 0 runs, 0 hits, 0 errors, 0 left on base; Galesburg 1 - Provo 7
TOP OF THE 8TH
Galesburg Guzzlers batting - Pitching for Provo Mango : RHP Albert Pérez
Batting: RHB Pacu Martic 0-0: Foul Ball, location: 2F
0-1: Ball
1-1: Ball
2-1: Swinging Strike
2-2: Fly out, F7 (Flyball, 7LM)
Batting: RHB Manny Diéguez 0-0: Hit by Pitch
Batting: LHB Abiram Wahine 0-0: Fielders Choice at 2nd, 3-6 (Groundball, 3)
Batting: RHB Daniel Carr 0-0: Foul Ball, location: 2F
0-1: Called Strike
0-2: Ball
1-2: Fielders Choice at 2nd, 6-4 (Groundball, 56)
Top of the 8th over - 0 runs, 0 hits, 0 errors, 1 left on base; Galesburg 1 - Provo 7
BOTTOM OF THE 8TH
Provo Mango batting - Pitching for Galesburg Guzzlers : RHP Franklin Camarena
Batting: RHB Alfonso Cabedo 0-0: Swinging Strike
0-1: Foul Ball, location: 2F
0-2: Strikes out looking
Batting: RHB Rocky Zolman 0-0: Called Strike
0-1: Called Strike
0-2: Ball
1-2: Strikes out swinging
Batting: RHB Daniel Woods 0-0: Ball
1-0: Called Strike
1-1: Ball
2-1: Ball
3-1: Swinging Strike
3-2: Ground out 5-3 (Groundball, 5S)
Bottom of the 8th over - 0 runs, 0 hits, 0 errors, 0 left on base; Galesburg 1 - Provo 7
TOP OF THE 9TH
Galesburg Guzzlers batting - Pitching for Provo Mango : RHP Albert Pérez
Batting: LHB Henk van Aardschot 0-0: Swinging Strike
0-1: Foul Ball, location: 2F
0-2: Ball
1-2: Foul Ball, location: 2F
1-2: Ground out 4-3 (Groundball, 4M)
Batting: RHB Karl Wade 0-0: Ball
1-0: Swinging Strike
1-1: Foul Ball, location: 2F
1-2: Ball
2-2: Ground out U3 (Groundball, 3S)
Batting: LHB Jared Swanson 0-0: Called Strike
0-1: Foul Ball, location: 2F
0-2: Strikes out swinging
Top of the 9th over - 0 runs, 0 hits, 0 errors, 0 left on base; Galesburg 1 - Provo 7
Wednesday, September 19th, 2018 - OOTP Baseball 18.8 Build 76